 Dungeon Crawl Stone Soup version 0.28.0-45-g0d030f2227 (webtiles) character file.

Game seed: 9491934496348751356

833 DearestLeader the Shield-Bearer (level 7, -3/60 HPs)
             Began as a Gnoll Fighter on Mar 31, 2022.
             Was a Plaything of Xom.
             Slain by an ice beast (13 damage)
             ... on level 6 of the Dungeon.
             The game lasted 00:05:57 (5206 turns).

DearestLeader the Shield-Bearer (Gnoll Fighter)     Turns: 5206, Time: 00:05:59

Health: -3/60      AC: 17    Str: 17    XL:     7   Next: 98%
Magic:  11/11      EV: 10    Int:  7    God:    Xom [..*...]
Gold:   213        SH:  5    Dex: 12    Spells: 11/11 levels left

rFire   . . .      SeeInvis .   v - +1 mace (protect)
rCold   . . .      Faith    .   c - +0 buckler
rNeg    . . .      Spirit   .   b - +0 scale mail
rPois   .          Reflect  .   (no helmet)
rElec   .          Harm     .   (no cloak)
rCorr   .          Rampage  .   t - +0 pair of gloves
Will    .....                   r - +0 pair of boots
Stlth   +.........              (no amulet)
HPRegen 0.20/turn               (no ring)
MPRegen 0.12/turn               (no ring)

@: under a protective aura
A: fangs 1, strong nose, distributed training
a: Renounce Religion


You were on level 6 of the Dungeon.
You worshipped Xom.
You were a toy of Xom.
You visited 1 branch of the dungeon, and saw 6 of its levels.

You collected 213 gold pieces.

Inventory:

Hand Weapons
 a - a +0 war axe
 v - a +1 mace of protection (weapon)
Missiles
 g - 43 sling bullets
 k - 2 silver javelins (quivered)
Armour
 b - a +0 scale mail (worn)
 c - a +0 buckler (worn)
 m - an orb of mayhem
 r - a +0 pair of boots (worn)
 t - a +0 pair of gloves (worn)
Wands
 u - a wand of charming (7)
Scrolls
 e - 9 scrolls of identify {unknown}
 f - 2 scrolls of amnesia {unknown}
 h - a scroll of fear {unknown}
 n - 2 scrolls of enchant armour {unknown}
 o - 4 scrolls of enchant weapon {unknown}
 q - a scroll of magic mapping {unknown}
Potions
 d - a potion of might
 i - 2 potions of attraction {unknown}
 j - a potion of magic {unknown}
 l - a potion of curing {unknown}
 p - a potion of degeneration {unknown}
 s - a potion of invisibility {unknown}


   Skills:
 + Level 7.2 Fighting
 + Level 2.8 Short Blades
 + Level 2.8 Long Blades
 + Level 5.4 Axes
 + Level 2.8 Maces & Flails
 + Level 2.8 Polearms
 + Level 2.8 Staves
 + Level 2.8 Slings
 + Level 2.8 Bows
 + Level 2.8 Crossbows
 + Level 2.8 Throwing
 + Level 7.2 Armour
 + Level 2.8 Dodging
 + Level 2.8 Stealth
 + Level 7.2 Shields
 + Level 2.8 Unarmed Combat
 + Level 2.8 Spellcasting
 + Level 2.3 Conjurations
 + Level 2.3 Hexes
 + Level 2.3 Summonings
 + Level 2.3 Necromancy
 + Level 2.3 Translocations
 + Level 2.3 Transmutations
 + Level 2.3 Fire Magic
 + Level 2.3 Ice Magic
 + Level 2.3 Air Magic
 + Level 2.3 Earth Magic
 + Level 2.3 Poison Magic
 + Level 3.1 Invocations
 + Level 2.8 Evocations


You had 11 spell levels left.
You didn't know any spells.
Your spell library contained the following spells:

 Spells                   Type           Power      Damage    Failure   Level
 Beastly Appendage        Tmut           8%         N/A       45%         1
 Wereblood                Tmut           4%         N/A       58%         2
 Spider Form              Tmut/Pois      4%         N/A       83%         3
 Summon Ice Beast         Ice/Summ       4%         N/A       99%         4
 Metabolic Englaciation   Hex/Ice        2%         N/A       100%        5


Dungeon Overview and Level Annotations

Branches:
Dungeon (6/15)             Temple (0/1) D:5

Altars:
Nemelex Xobeh
Wu Jian
Xom


Innate Abilities, Weirdness & Mutations

You have very sharp teeth.
Your uncanny sense of smell can sniff out nearby items.
Your experience applies equally to all skills.


Message History

Your white imp hits the ice beast but does no damage.
The orc closely misses you.
Your white imp closely misses the ice beast.
You block the ice beast's attack.
You hit the ice beast.
The ice beast is heavily wounded.
You block the orc's attack. The ice beast barely misses you.
Your white imp hits the ice beast.
Your white imp freezes the ice beast.
The ice beast completely resists.
You hit the ice beast but do no damage.
The ice beast is heavily wounded.
The orc barely misses you. The ice beast closely misses you.
Your white imp hits the ice beast but does no damage.
You closely miss the ice beast.
The ice beast is heavily wounded.
The orc hits you but does no damage. You block the ice beast's attack.
Your white imp hits the ice beast.
Your white imp freezes the ice beast.
The ice beast completely resists.
The orc closely misses you.
You sock the ice beast!
The ice beast is almost dead.
Your white imp hits the ice beast but does no damage.
The ice beast hits you. The ice beast freezes you.
You emit a cloud of colourful smoke!
The orc hits you but does no damage.
Your white imp barely misses the ice beast.
The ice beast hits you. The ice beast freezes you!
* * * LOW HITPOINT WARNING * * *
You hit the ice beast but do no damage.
The ice beast is almost dead.
You block the orc's attack. The ice beast closely misses you.
Your white imp hits the ice beast but does no damage.
Unknown command.
You catch the helpless ice beast completely off-guard!
You hit the ice beast.
You bite the ice beast, but do no damage.
The ice beast is almost dead.
The orc closely misses you. The ice beast hits you.
* * * LOW HITPOINT WARNING * * *
The ice beast freezes you!
You die...

########
#......#
#######..)...#
......'..).o5#
#######....Y@#
#.###### ....
...>.. #
#(.....J #
...o.o... ...
.....#.#..
#####.....#.
..... ∆


You could see an ice beast (ally target), an orc and a friendly white imp
(summoned).

Vanquished Creatures
  An ice beast (D:6)
  A centaur (D:6)
  An ogre (D:4)
  A phantom (D:5)
  A scorpion (D:5)
  The ghost of P0WERM0DE the Sneak, a weakling OpDe (D:5)
  A bullfrog zombie (D:5)
  2 jellies
  2 hounds (D:5)
  2 bullfrog skeletons
  A scorpion zombie (D:5)
  2 orc wizards (D:6)
  5 adders
  A white imp (D:3)
  An adder skeleton (D:4)
  A worm (D:4)
  4 dart slugs
  3 orcs
  4 ball pythons
  5 bats (D:1)
  4 endoplasms (D:1)
  5 giant cockroaches
  4 hobgoblins
  6 quokkas
  4 frilled lizards
  2 goblins (D:2)
  9 kobolds
  5 rats
79 creatures vanquished.

Vanquished Creatures (collateral kills)
  An orc (D:6)
1 creature vanquished.

Grand Total: 80 creatures vanquished

Notes
Turn   | Place    | Note
-------+----------+-------------------------------------------
     0 | D:1      | DearestLeader the Gnoll Fighter began the quest for the
                  | Orb.
     0 | D:1      | Reached XP level 1. HP: 23/23 MP: 1/1
    69 | D:1      | Reached XP level 2. HP: 26/29 MP: 2/2
   692 | D:1      | Reached XP level 3. HP: 35/35 MP: 3/3
  1352 | D:2      | Reached skill level 1 in Invocations
  1569 | D:2      | Reached skill level 1 in Short Blades
  1569 | D:2      | Reached skill level 1 in Long Blades
  1569 | D:2      | Reached skill level 1 in Maces & Flails
  1569 | D:2      | Reached skill level 1 in Polearms
  1569 | D:2      | Reached skill level 1 in Staves
  1569 | D:2      | Reached skill level 1 in Slings
  1569 | D:2      | Reached skill level 1 in Bows
  1569 | D:2      | Reached skill level 1 in Crossbows
  1569 | D:2      | Reached skill level 1 in Throwing
  1569 | D:2      | Reached skill level 1 in Dodging
  1569 | D:2      | Reached skill level 1 in Stealth
  1569 | D:2      | Reached skill level 1 in Unarmed Combat
  1569 | D:2      | Reached skill level 1 in Spellcasting
  1569 | D:2      | Reached skill level 1 in Evocations
  1947 | D:2      | Reached XP level 4. HP: 39/41 MP: 5/5
  2584 | D:3      | Reached skill level 1 in Conjurations
  2584 | D:3      | Reached skill level 1 in Hexes
  2584 | D:3      | Reached skill level 1 in Summonings
  2584 | D:3      | Reached skill level 1 in Necromancy
  2584 | D:3      | Reached skill level 1 in Translocations
  2584 | D:3      | Reached skill level 1 in Transmutations
  2584 | D:3      | Reached skill level 1 in Fire Magic
  2584 | D:3      | Reached skill level 1 in Ice Magic
  2584 | D:3      | Reached skill level 1 in Air Magic
  2584 | D:3      | Reached skill level 1 in Earth Magic
  2584 | D:3      | Reached skill level 1 in Poison Magic
  2627 | D:3      | Found an ornate altar of the Wu Jian Council.
  2687 | D:3      | Got the Reference Book on the Frostbite
  2918 | D:3      | Found a sparkling altar of Nemelex Xobeh.
  3116 | D:4      | Noticed an ogre
  3126 | D:4      | Killed an ogre
  3127 | D:4      | Reached XP level 5. HP: 23/47 MP: 5/7
  3454 | D:4      | Reached XP level 6. HP: 36/53 MP: 8/8
  3975 | D:4      | Found a shimmering altar of Xom.
  4060 | D:5      | Entered Level 5 of the Dungeon
  4237 | D:4      | Became a worshipper of Xom the Capricious
  4319 | D:5      | XOM: potion effect (might)
  4320 | D:5      | Reached skill level 5 in Axes
  4323 | D:5      | XOM: potion effect (berserk rage)
  4325 | D:5      | HP: 2/79 [phantom (8)]
  4326 | D:5      | XOM: potion effect (magic)
  4500 | D:5      | XOM: silly message
  4650 | D:5      | Reached XP level 7. HP: 51/59 MP: 10/10
  4767 | D:5      | Found a large runed translucent door.
  4768 | D:5      | Found a large runed translucent door.
  4827 | D:5      | Noticed P0WERM0DE's ghost (weakling OpDe)
  4834 | D:5      | Killed P0WERM0DE's ghost
  4846 | D:5      | XOM: silly message
  4864 | D:5      | XOM: silly message
  4966 | D:5      | Found a staircase to the Ecumenical Temple.
  5108 | D:5      | XOM: silly message
  5126 | D:6      | XOM: confuse monster(s)
  5143 | D:6      | XOM: 1-stop teleportation journey
  5147 | D:6      | XOM: cast spell 'Call Canine Familiar'
  5172 | D:6      | XOM: enchant monster (good)
  5190 | D:6      | XOM: summons friendly white imp
  5204 | D:6      | XOM: smoke on damage
  5206 | D:6      | Slain by an ice beast

Illustrated notes

Levels and vault maps discovered:
D:1:      minmay_arrival_nine_rooms, layout_basic, minmay_pentomino_z2
D:2:      layout_basic, nrook_mini_vaults
D:3:      layout_basic, mainiacjoe_overflow_alcove_2,
          mainiacjoe_overflow_surrounded_room
D:4:      layout_basic, kennysheep_mini
D:5:      layout_basic, minmay_temple_entry_statues_pillars,
          ebering_ghost_disaster_area
D:6:      layout_basic

Skill      XL: |  1  2  3  4  5  6  7 |
---------------+----------------------+-----
Invocations    | 1 2 3 |  3.1
Short Blades   | 1 2 |  2.8
Long Blades    | 1 2 |  2.8
Maces & Flails | 1 2 |  2.8
Polearms       | 1 2 |  2.8
Staves         | 1 2 |  2.8
Slings         | 1 2 |  2.8
Bows           | 1 2 |  2.8
Crossbows      | 1 2 |  2.8
Throwing       | 1 2 |  2.8
Dodging        | 1 2 |  2.8
Stealth        | 1 2 |  2.8
Unarmed Combat | 1 2 |  2.8
Spellcasting   | 1 2 |  2.8
Evocations     | 1 2 |  2.8
Conjurations   | 1 2 |  2.3
Hexes          | 1 2 |  2.3
Summonings     | 1 2 |  2.3
Necromancy     | 1 2 |  2.3
Translocations | 1 2 |  2.3
Transmutations | 1 2 |  2.3
Fire Magic     | 1 2 |  2.3
Ice Magic      | 1 2 |  2.3
Air Magic      | 1 2 |  2.3
Earth Magic    | 1 2 |  2.3
Poison Magic   | 1 2 |  2.3
Axes           | 5 |  5.4
Fighting       | 7 |  7.2
Armour         | 7 |  7.2
Shields        | 7 |  7.2

Action                   |  1- 3 |  4- 6 |  7- 9 || total
-------------------------+-------+-------+-------++-------
Melee: War axe           |    87 |   143 |    29 ||   259
       Bite              |     7 |    14 |     7 ||    28
       Mace              |       |       |    53 ||    53
Throw: Javelin           |       |     3 |       ||     3
  Use: Potion            |       |     2 |       ||     2
 Stab: Distracted        |       |       |     1 ||     1
       Sleeping          |       |       |     1 ||     1
Armor: Scale mail        |    34 |    63 |    95 ||   192
Dodge: Dodged            |    45 |    65 |    63 ||   173
Block: Buckler           |    23 |    36 |    30 ||    89
